 Dungeon Crawl Stone Soup version 0.29.1-12-g30fa7ad0bf (webtiles) character file.

Game seed: 13197129093106736009

1950 wormed the Magician (level 9, -16/65 HPs)
             Began as a Gnoll Fire Elementalist on Dec 24, 2022.
             Demolished by a boulder beetle (20 damage)
             ... on level 5 of the Dungeon.
             The game lasted 00:21:43 (7925 turns).

wormed the Magician (Gnoll Fire Elementalist)       Turns: 7925, Time: 00:21:44

Health: -16/65     AC:  7    Str:  7    XL:     9   Next: 18%
Magic:  11/18      EV: 13    Int: 19    God:
Gold:   335        SH:  5    Dex: 13    Spells: 18/21 levels left

rFire   + . .      SeeInvis .   k - +1 spear (freeze)
rCold   x . .      Faith    .   E - +0 buckler
rNeg    . . .      Spirit   .   x - +0 leather armour
rPois   +          Reflect  .   w - +0 helmet
rElec   .          Harm     .   M - +2 cloak {Stlth+}
rCorr   .          Rampage  .   (no gloves)
Will    .....                   (no boots)
Stlth   ++++......              (no amulet)
HPRegen 0.20/turn               r - ring of fire
MPRegen 0.16/turn               C - ring of poison resistance

@: about to teleport, hasted, very quick
A: fangs 1, strong nose, distributed training
a: no special abilities


You were on level 5 of the Dungeon.
You visited 1 branch of the dungeon, and saw 6 of its levels.

You collected 335 gold pieces.

Inventory:

Hand Weapons
 k - a +1 spear of freezing (weapon)
Missiles
 a - 2 boomerangs
 d - 5 atropa-tipped darts
 t - 2 boomerangs of dispersal (quivered)
 H - 4 javelins
Armour
 w - a +0 helmet (worn)
 x - a +0 leather armour (worn)
 E - a +0 buckler (worn)
 M - a +2 cloak of stealth (worn)
Magical Staves
 q - a staff of death
 F - a staff of poison
Jewellery
 r - a ring of fire (left hand)
 A - an amulet of reflection
 C - a ring of poison resistance (right hand)
Wands
 l - a wand of quicksilver (4)
 D - a wand of roots (5)
Scrolls
 c - 6 scrolls of teleportation
 e - 2 scrolls of immolation {unknown}
 h - 2 scrolls of poison {unknown}
 i - a scroll of enchant weapon {unknown}
 n - a scroll of amnesia {unknown}
 v - a scroll of fear {unknown}
 y - 2 scrolls of vulnerability {unknown}
 z - a scroll of magic mapping {unknown}
 B - a scroll of enchant armour {unknown}
 G - a scroll of silence {unknown}
 J - 2 scrolls of blinking {unknown}
 K - a scroll of identify
Potions
 b - 4 potions of magic
 f - a potion of mutation
 g - 2 potions of haste
 j - a potion of might
 m - a potion of degeneration {unknown}
 o - 3 potions of curing
 p - a potion of resistance {unknown}
 s - 2 potions of berserk rage
 u - a potion of heal wounds {unknown}
 I - a potion of attraction {unknown}
 L - 2 potions of flight {unknown}


   Skills:
 + Level 4.1 Fighting
 + Level 4.1 Short Blades
 + Level 4.1 Long Blades
 + Level 4.1 Axes
 + Level 4.1 Maces & Flails
 + Level 4.1 Polearms
 + Level 4.1 Staves
 + Level 4.1 Ranged Weapons
 + Level 4.1 Throwing
 + Level 4.1 Armour
 + Level 6.2 Dodging
 + Level 6.0 Stealth
 + Level 4.1 Shields
 + Level 4.1 Unarmed Combat
 + Level 6.6 Spellcasting
 + Level 4.1 Conjurations
 + Level 3.4 Hexes
 + Level 3.4 Summonings
 + Level 3.4 Necromancy
 + Level 3.4 Translocations
 + Level 3.4 Transmutations
 + Level 6.5 Fire Magic
 + Level 3.4 Ice Magic
 + Level 3.4 Air Magic
 + Level 3.4 Earth Magic
 + Level 3.4 Poison Magic
 + Level 4.5 Invocations
 + Level 4.1 Evocations


You had 18 spell levels left.
You knew the following spells:

 Your Spells              Type           Power      Damage    Failure   Level
a - Foxfire               Conj/Fire      100%       2x1d9     2%          1
b - Scorch                Fire           92%        2d10      1%          2

Your spell library contained the following spells:

 Spells                   Type           Power      Damage    Failure   Level
 Magic Dart               Conj           84%        1d7       3%          1
 Apportation              Tloc           38%        N/A       4%          1
 Necrotise                Necr           76%        1d7       4%          1
 Sandblast                Erth           38%        2d10      4%          1
 Summon Small Mammal      Summ           76%        N/A       4%          1
 Conjure Flame            Conj/Fire      39%        6-21      7%          3
 Passwall                 Tmut/Erth      15%        N/A       8%          2
 Sublimation of Blood     Necr           19%        N/A       8%          2
 Inner Flame              Hex/Fire       37%        N/A       8%          3
 Stone Arrow              Conj/Erth      40%        3d9       13%         3
 Flame Wave               Conj/Fire      39%        2d11      22%         4
 Petrify                  Tmut/Erth      19%        N/A       45%         4
 Irradiate                Conj/Tmut      10%        3d15      75%         5


Dungeon Overview and Level Annotations

Branches:
Dungeon (6/15)
 Temple: D:4-7

Altars:
Hepliaklqana
Kikubaaqudgha
Uskayaw
Zin
The Shining One

Shops:
D:2 [   D:5 *


Innate Abilities, Weirdness & Mutations

You have very sharp teeth.
Your uncanny sense of smell can sniff out nearby items.
Your experience applies equally to all skills.


Message History

Your foxfire dissipates!
The foxfire hits the boulder beetle.
The boulder beetle is lightly wounded.
The boulder beetle attacks as you move away!
The boulder beetle bites you but does no damage.
The orc wizard jeers repeatedly.
The orc wizard mumbles some strange words.
The orc wizard flickers and vanishes!
Deactivating autopickup; reactivate with Ctrl-A.
The boulder beetle attacks as you move away!
You block the boulder beetle's attack.
There is an escape hatch in the ceiling here.
You block the boulder beetle's attack. A mysterious force pulls you upwards.
The hatch slams shut behind you.
Reactivating autopickup.
Aiming: Fastroot
Press: ? - help, Shift-Dir - straight line, f - boulder beetle
Aim: a boulder beetle The roots erupt in riotous growth!
Roots grab the boulder beetle.
The grasping roots constrict the boulder beetle.
The boulder beetle bites you.
The grasping roots constrict the boulder beetle.
The boulder beetle curls into a ball and begins rolling!
The grasping roots constrict the boulder beetle.
The roots release their grip on the boulder beetle.
Throw: 3 boomerangs (disperse)
Press: ? - help, Q - select action, (/) - cycle Shift-Dir - straight line, f/p - boulder beetle
Aim: a boulder beetle (lightly wounded, rolling, 90% to hit)
You throw a boomerang of dispersal.
The boomerang of dispersal barely misses the boulder beetle.
The boulder beetle hits you!!
* * * LOW HITPOINT WARNING * * *
The boulder beetle stops rolling and uncurls.
As you read the scroll labelled ZUNLEA OQEXI ASTRER, it crumbles to dust.
You feel strangely unstable.
It was a scroll of teleportation.
The boulder beetle bites you.
* * * LOW HITPOINT WARNING * * *
You feel yourself speed up. The boulder beetle bites you!!
You die...

#..#.#..........###).....÷.
#.#...###....>...)......##.
#.##.## ####.######)#.###..
#.##.#######.# #.#.# #..
#............######.#.###..
####.#######........#......
#.# #.########..##.#
#.#######.# #..##.#
#.##..B@..########..##.#
#.##.######......<.>##.#
#.##.# #.###.######.#
#.##.# #.# #.# #.# #.##.#
#.# #.# #.. #.##.# #.# #.#
### #.##.######.# #.# #
#.##.÷......###.# #
#.###...........# #


You could see a boulder beetle.

Vanquished Creatures
  A wraith (D:6)
  3 water moccasins
  2 sky beasts (D:6)
  The ghost of FexLirch the Chopper, an amateur MiBe of Trog (D:2)
  2 ogres
  A centaur (D:6)
  3 scorpions
  A howler monkey (D:4)
  3 jellies
  An orc priest (D:5)
  4 hounds
  Ijyb (D:2)
  7 iguanas
  3 orc wizards (D:5)
  Robin (D:3)
  3 gnolls (D:5)
  7 adders
  A hound simulacrum (D:3)
  An ufetubus (D:5)
  2 worms
  2 dart slugs (D:1)
  2 adder simulacra (D:3)
  16 orcs
  8 bats
  11 endoplasms
  A giant cockroach (D:3)
  12 goblins
  12 hobgoblins
  A jackal (D:3)
  2 quokkas (D:2)
  6 ball pythons
  2 frilled lizards (D:1)
  A giant cockroach simulacrum (D:3)
  A jackal simulacrum (D:3)
  5 kobolds
  6 rats
136 creatures vanquished.

Vanquished Creatures (others)
  160 foxfires
  13 fungi (D:3)
173 creatures vanquished.

Grand Total: 309 creatures vanquished

Notes
Turn   | Place    | Note
-------+----------+-------------------------------------------
     0 | D:1      | wormed the Gnoll Fire Elementalist began the quest for the
                  | Orb.
     0 | D:1      | Reached XP level 1. HP: 13/13 MP: 6/6
   171 | D:1      | Reached XP level 2. HP: 19/19 MP: 4/7
  1168 | D:2      | Reached skill level 5 in Spellcasting
  1168 | D:2      | Reached XP level 3. HP: 25/25 MP: 4/9
  1333 | D:2      | Learned a level 2 spell: Scorch
  1456 | D:2      | Reached skill level 1 in Invocations
  1869 | D:2      | Reached skill level 1 in Fighting
  1869 | D:2      | Reached skill level 1 in Short Blades
  1869 | D:2      | Reached skill level 1 in Long Blades
  1869 | D:2      | Reached skill level 1 in Axes
  1869 | D:2      | Reached skill level 1 in Maces & Flails
  1869 | D:2      | Reached skill level 1 in Polearms
  1869 | D:2      | Reached skill level 1 in Staves
  1869 | D:2      | Reached skill level 1 in Ranged Weapons
  1869 | D:2      | Reached skill level 1 in Throwing
  1869 | D:2      | Reached skill level 1 in Armour
  1869 | D:2      | Reached skill level 1 in Shields
  1869 | D:2      | Reached skill level 1 in Unarmed Combat
  1869 | D:2      | Reached skill level 1 in Evocations
  2006 | D:2      | Found Tynnojif's Armour Emporium.
  2508 | D:3      | Noticed Robin
  2545 | D:3      | Reached XP level 4. HP: 29/32 MP: 8/11
  2590 | D:3      | Noticed Ijyb
  2752 | D:2      | Killed Ijyb
  2753 | D:2      | Reached skill level 1 in Hexes
  2753 | D:2      | Reached skill level 1 in Summonings
  2753 | D:2      | Reached skill level 1 in Necromancy
  2753 | D:2      | Reached skill level 1 in Translocations
  2753 | D:2      | Reached skill level 1 in Transmutations
  2753 | D:2      | Reached skill level 1 in Ice Magic
  2753 | D:2      | Reached skill level 1 in Air Magic
  2753 | D:2      | Reached skill level 1 in Earth Magic
  2753 | D:2      | Reached skill level 1 in Poison Magic
  2981 | D:3      | Noticed FexLirch's ghost (amateur MiBe)
  3099 | D:3      | Found a hazy altar of Hepliaklqana.
  3400 | D:3      | Got the Papyrus of Blows and Bruises
  3435 | D:3      | Found a runed translucent gate.
  3435 | D:3      | Found a runed translucent gate.
  3435 | D:3      | Found a runed translucent gate.
  3525 | D:3      | Reached XP level 5. HP: 37/37 MP: 7/12
  3963 | D:3      | Found an ancient bone altar of Kikubaaqudgha.
  4109 | D:2      | Killed FexLirch's ghost
  4110 | D:2      | Reached XP level 6. HP: 16/44 MP: 4/13
  4635 | D:3      | Killed Robin
  4638 | D:3      | Reached skill level 5 in Dodging
  5534 | D:4      | Found a glowing golden altar of the Shining One.
  5663 | D:5      | Entered Level 5 of the Dungeon
  5679 | D:5      | Reached XP level 7. HP: 34/51 MP: 2/15
  5919 | D:5      | Reached skill level 5 in Stealth
  6028 | D:5      | Found Zin's Purification Station.
  6030 | D:5      | Found a glowing silver altar of Zin.
  6171 | D:5      | Found a hide-covered altar of Uskayaw.
  6214 | D:5      | Reached XP level 8. HP: 58/58 MP: 4/16
  7169 | D:6      | Noticed a wraith
  7181 | D:6      | Killed a wraith
  7500 | D:6      | Reached XP level 9. HP: 65/65 MP: 13/18
  7844 | D:6      | Noticed a boulder beetle
  7925 | D:5      | Demolished by a boulder beetle

Illustrated notes

Levels and vault maps discovered:
D:1:      eino_arrival_cavern_e, layout_basic, minmay_pentomino_w2
D:2:      layout_loops_corners, serial_shops, shop, kennysheep_generic_room_16
D:3:      minmay_razor_zed, layout_basic, nzn_hepliaklqana_mist_gate,
          mainiacjoe_overflow_chevrons, gammafunk_ghost_icy, uniq_robin,
          uniq_ijyb
D:4:      layout_cave_pools, tso_oasis_becter
D:5:      layout_loops_ring, eat_drink_and_be_merry_uskayaw, zin_purify
D:6:      layout_loops_ring, minmay_temple_entry_junction, roderic_batcave,
          minmay_manual_moon

Skill      XL: |  1  2  3  4  5  6  7  8  9 |
---------------+----------------------------+-----
Conjurations   | 2 3 4 |  4.1
Spellcasting   | 5 6 |  6.6
Invocations    | 1 2 3 4 |  4.5
Fighting       | 1 2 3 4 |  4.1
Short Blades   | 1 2 3 4 |  4.1
Long Blades    | 1 2 3 4 |  4.1
Axes           | 1 2 3 4 |  4.1
Maces & Flails | 1 2 3 4 |  4.1
Polearms       | 1 2 3 4 |  4.1
Staves         | 1 2 3 4 |  4.1
Ranged Weapons | 1 2 3 4 |  4.1
Throwing       | 1 2 3 4 |  4.1
Armour         | 1 2 3 4 |  4.1
Shields        | 1 2 3 4 |  4.1
Unarmed Combat | 1 2 3 4 |  4.1
Evocations     | 1 2 3 4 |  4.1
Hexes          | 1 2 3 |  3.4
Summonings     | 1 2 3 |  3.4
Necromancy     | 1 2 3 |  3.4
Translocations | 1 2 3 |  3.4
Transmutations | 1 2 3 |  3.4
Ice Magic      | 1 2 3 |  3.4
Air Magic      | 1 2 3 |  3.4
Earth Magic    | 1 2 3 |  3.4
Poison Magic   | 1 2 3 |  3.4
Dodging        | 5 6 |  6.2
Stealth        | 5 6 |  6.0
Fire Magic     | 6 |  6.5

Action                   |  1- 3 |  4- 6 |  7- 9 || total
-------------------------+-------+-------+-------++-------
Melee: Spear             |       |       |     3 ||     3
       Bite              |       |       |     2 ||     2
Throw: Boomerang         |       |       |     1 ||     1
 Cast: Foxfire           |    30 |    41 |    21 ||    92
       Scorch            |    23 |    59 |    85 ||   167
Evoke: Wand              |       |       |     1 ||     1
  Use: Scroll            |       |     5 |     1 ||     6
       Potion            |       |       |     1 ||     1
Armor: Robe              |     8 |     6 |       ||    14
       Leather armour    |       |     1 |     7 ||     8
Dodge: Dodged            |     7 |    34 |    38 ||    79
Block: Buckler           |       |       |     9 ||     9
